 Dungeon Crawl Stone Soup version 0.31-a0-355-g57cb03d3e8 (console) character file.

Game seed: 12065982601446402137

2 petzl the Sneak (level 1, -3/18 HPs)
             Began as a Formicid Delver on July 24, 2023.
             Succumbed to a water moccasin's poison
             ... on level 6 of the Dungeon.
             The game lasted 00:06:28 (979 turns).

petzl the Sneak (Formicid Delver)                    Turns: 979, Time: 00:06:28

Health: -3/18      AC:  3    Str: 16    XL:     1   Next: 33%
Magic:  1/1        EV: 11    Int:  9    God:
Gold:   76         SH:  4    Dex: 15    Spells: 0/0 levels left

rFire   + . .        a - +0 flail
rCold   . . .        n - +0 buckler
rNeg    . . .        b - +0 leather armour
rPois   .            (helmet unavailable)
rElec   .            (no cloak)
rCorr   .            (no gloves)
SInv    +            (no boots)
Will    .....        (no amulet)
Stlth   +++          s - ring of protection from fire
HPRegen 0.23/turn    (no ring)
MPRegen 0.07/turn

%: no passive effects
@: lethally poisoned (-3 -> -26)
A: permanent stasis, dig shafts and tunnels, antennae 3, four strong arms
a: Dig, Shaft Self


You were on level 6 of the Dungeon.
You visited 1 branch of the dungeon, and saw 7 of its levels.

You collected 76 gold pieces.

Inventory:

Hand Weapons
 a - a +0 flail (weapon)
 j - a +0 mace
Missiles
 r - 9 stones (quivered)
Armour
 b - a +0 leather armour (worn)
 n - a +0 buckler (worn)
Jewellery
 s - a ring of protection from fire (left hand)
Talismans
 m - a serpent talisman
Wands
 f - a wand of digging (3)
 q - a wand of quicksilver (1)
Scrolls
 c - a scroll of fog
 d - a scroll of revelation
 e - a scroll of fear
 g - a scroll of identify
 p - a scroll of enchant armour
Potions
 h - a potion of lignification {unknown}
 i - a potion of degeneration {unknown}
 k - 2 potions of enlightenment {unknown}
 l - a potion of heal wounds {unknown}
 t - a potion of might {unknown}
Miscellaneous
 o - a box of beasts


   Skills:
 - Level 3.2 Fighting
 - Level 2.0 Maces & Flails
 - Level 1.7 Dodging
 - Level 6.0 Stealth
 + Level 0.5 Shields
 + Level 0.3 Spellcasting


You couldn't memorise any spells.
You didn't know any spells.
Your spell library contained the following spells:

 Spells                   Type           Power      Damage    Failure   Level
 Cigotuvi's Dreadful Rot  Necr/Pois/Air  0%         N/A       71%         2
 Dispel Undead            Necr           0%         3d6       100%        4
 Manifold Assault         Tloc           0%         N/A       100%        4
 Death Channel            Necr           0%         N/A       100%        6
 Blink                    Tloc           Unusable   N/A       N/A         2

Dungeon Overview and Level Annotations

Branches:
Dungeon (10/15)
 Temple: D:4-7         Lair: D:8-11         Orc: D:9-12

Altars:

Annotations:
D:4 Eustachio
D:7 exclusions: downstairs and sensed monster (detected), Maggie
D:8 exclusions: 2 downstairs and upstairs
D:9 exclusions: downstairs and shadow
D:10 exclusion: centaur, Grum


Innate Abilities, Weirdness & Mutations

You cannot be hasted, slowed, berserked, paralysed or teleported.
You can dig through walls and to a lower floor.
You have a pair of large antennae on your head. (SInv)
Your four strong arms can wield two-handed weapons with a shield.


Message History

Throw: 12 stones
Press: ? - help, Q - select action, (/) - cycle Shift-Dir - straight line, f - jelly
Aim: a jelly (asleep, 98% to hit)
You throw a stone.
The stone hits the jelly but does no damage.
The jelly quivers.
Throw: 11 stones
Press: ? - help, Q - select action, (/) - cycle Shift-Dir - straight line, f/p - jelly
Aim: a jelly (89% to hit)
You throw a stone. The stone hits the jelly.
The jelly is lightly wounded.
A water moccasin comes into view.
Throw: 10 stones
Press: ? - help, Q - select action, (/) - cycle Shift-Dir - straight line, f/p - jelly
Aim: a jelly (lightly wounded, 89% to hit)
You throw a stone. The water moccasin hisses angrily.
The stone hits the jelly but does no damage.
The jelly is lightly wounded.
a - a +0 flail (weapon)
The water moccasin completely misses you.
You closely miss the water moccasin. The water moccasin barely misses you.
You hit the water moccasin.
The water moccasin is lightly wounded.
The water moccasin closely misses you. The water moccasin bites you.
You closely miss the water moccasin.
The water moccasin is lightly wounded.
The water moccasin barely misses you. The water moccasin bites you.
You are lethally poisoned!
The water moccasin poisons you!
Okay, then.
Unknown command.
Are you sure you want to shaft yourself?
You feel very sick. The water moccasin bites you.
* * * LOW HITPOINT WARNING * * *
You are more poisoned.
The water moccasin poisons you! The water moccasin barely misses you.
You begin to dig a shaft.
You continue digging a shaft.
You die...

#########
#.......#
#.......#
#.......#
#.......##
#........###
+.>...#....#
##.##.#....#
#.##......#
#@###.....###
###S###.........
#..J............
###.###.########
.....#.#
#####...#S#
..##...#.#
.....#.#
...##.#.#.#
.......J..#
..###.#.### #
#.# #.# #.# #.#
..# ..#


You could see a water moccasin and a jelly.

Vanquished Creatures
  An orc (D:7)
1 creature vanquished.

Notes
Turn   | Place    | Note
-------+----------+-------------------------------------------
     0 | D:5      | petzl the Formicid Delver began the quest for the Orb.
     0 | D:5      | Reached XP level 1. HP: 18/18 MP: 1/1
    19 | D:6      | Noticed a jelly
    31 | D:4      | Noticed Eustachio
    38 | D:4      | Noticed an ogre
    38 | D:4      | Noticed a howler monkey
    44 | D:4      | You fall into a shaft and drop 1 floor!
   128 | D:5      | Noticed a phantom
   131 | D:5      | You fall into a shaft and drop 3 floors!
   170 | D:8      | Noticed a wight
   170 | D:8      | Noticed a wight
   171 | D:8      | Noticed a wight
   206 | D:7      | Noticed an orc wizard
   206 | D:7      | Noticed an orc priest
   206 | D:7      | Noticed a scorpion
   207 | D:7      | Noticed an orc wizard
   211 | D:7      | You fall into a shaft and drop 1 floor!
   309 | D:9      | Noticed a yak
   435 | D:9      | Noticed a shadow
   455 | D:10     | Entered Level 10 of the Dungeon
   492 | D:10     | Noticed a centaur
   685 | D:10     | Noticed Grum
   685 | D:10     | Noticed a wolf
   685 | D:10     | Noticed a wolf
   709 | D:9      | Noticed a kobold demonologist
   843 | D:7      | Noticed Maggie
   844 | D:7      | Noticed a killer bee
   846 | D:7      | Noticed a hound
   858 | D:8      | Noticed a wyvern
   957 | D:6      | Noticed a jelly
   960 | D:6      | Noticed a water moccasin
   979 | D:6      | Succumbed to a water moccasin's poison

Illustrated notes

Levels and vault maps discovered:
D:4:      layout_basic, demons_altar, mainiacjoe_overflow_cross_hatched,
          dk_yredelemnul_ordeal, serial_shops, nicolae_book_shop_shelving,
          uniq_ijyb, uniq_eustachio
D:5:      layout_basic, kennysheep_little_box, nicolae_gozag_seed_capital,
          nicolae_dithmenos_through_a_glass_darkly,
          nicolae_ossuary_entry_monument, minmay_chambers_of_fives
D:6:      layout_basic, hellmonk_okawaru_the_only_friend_you_need,
          nicolae_tso_swordbearing_angel, mainiacjoe_overflow_large_starburst,
          minmay_temple_entry_overgrown, nrook_pool_corridor
D:7:      layout_basic, uniq_maggie, uniq_pikel, uniq_menkaure
D:8:      layout_loops_ring, uniq_psyche
D:9:      layout_irregular_city, minmay_librarian
D:10:     layout_basic, nicolae_ru_great_annihilating_truth,
          minmay_tree_intersection, grunt_ministairs_1, uniq_grum, uniq_harold

Action                     || total
---------------------------++-------
  Melee: Mace              ||     3
         Flail             ||     3
  Throw: Stone             ||     6
Ability: Shaft Self        ||     4
    Use: Scroll            ||     4
 Armour: Leather armour    ||     2
  Dodge: Dodged            ||    12

Table legend: (Time is in decaauts)
 A = Elapsed time spent in this place.
 B = Non-inter-level travel time spent in this place.
 C = Inter-level travel time spent in this place.
 D = Time resting spent in this place.
 E = Time spent auto-exploring this place.
 F = Levels seen in this place.
 G = Mean time per level.
                   A        B        C        D        E       F      G
               +--------+--------+--------+--------+--------+-----+--------+
         Total |    981 |    974 |      7 |    141 |     55 |   7 |  140.1 |
       Dungeon |    981 |    974 |      7 |    141 |     55 |   7 |  140.1 |
               +--------+--------+--------+--------+--------+-----+--------+

Top non-repeatable levels by time:
     D:8: 337 daAuts
     D:9: 216 daAuts
    D:10: 170 daAuts
     D:5: 102 daAuts
     D:7: 81 daAuts
     D:6: 59 daAuts
     D:4: 14 daAuts
